 Dungeon Crawl Stone Soup version 0.24-a0-284-g9fb9971df1 (webtiles) character file.

Game seed: 7600125904810600766

113 Redear the Stinger (level 4, -21/40 HPs)
             Began as an Octopode Venom Mage on May 4, 2019.
             Demolished by an ogre
             ... wielding a +0 giant club
              (24 damage)
             ... on level 3 of the Dungeon.
             The game lasted 00:07:06 (2394 turns).

Redear the Stinger (Octopode Venom Mage)            Turns: 2394, Time: 00:07:06

Health: -21/40     AC:  1    Str: 12    XL:     4   Next: 96%
Magic:  8/8        EV: 13    Int: 18    God:
Gold:   113        SH:  0    Dex: 12    Spells: 5/9 levels left

rFire    . . .     SeeInvis .   k - +0 dagger
rCold    . . .     Gourm    .   (no shield)
rNeg     . . .     Faith    .   (helmet restricted)
rPois    .         Spirit   .   (no amulet)
rElec    .         Reflect  .   q - ring of teleportation (curse) {+/*tele}
rCorr    .         Harm     .   (no ring)
MR       .....     Rnd*Tele +   (no ring)
Stlth    ..........             (no ring)
HPRegen  0.13/turn              (no ring)
MPRegen  0.11/turn              (no ring)
                                (no ring)
                                (no ring)

@: berserking, hasted, very quick
A: almost no armour, stealthy swim, amphibious, 8 rings, constrict 8, camouflage
1, gelatinous body 1
a: no special abilities


You were on level 3 of the Dungeon.
You were near starving.

You visited 1 branch of the dungeon, and saw 3 of its levels.

You collected 113 gold pieces.

Inventory:

Hand Weapons
 k - a +0 dagger (weapon)
Missiles
 c - 111 stones (quivered)
 Z - a throwing net {+f}
Armour
 l - a +0 buckler
Jewellery
 q - a cursed ring of teleportation (left tentacle) {+/*tele}
Scrolls
 a - a scroll of enchant armour
 f - a scroll of fear {unknown}
 i - 2 scrolls of noise
 p - a scroll of blinking {unknown}
 R - 2 scrolls of identify
Potions
 b - a potion of berserk rage
 e - a potion of agility {unknown}
 g - a potion of lignification {unknown}
 j - a potion of might {Str+5 DMG+1d10 | @q3}
 m - 2 potions of curing {unknown}
 o - a potion of heal wounds {unknown}
 H - 2 potions of haste
Comestibles
 z - 6 rations


   Skills:
 - Level 2.0 Dodging
 - Level 2.6 Stealth
 + Level 3.0 Spellcasting
 + Level 2.7 Conjurations
 + Level 4.8 Poison Magic


You had 5 spell levels left.
You knew the following spells:

 Your Spells              Type           Power        Failure   Level  Hunger
a - Sting                 Conj/Pois      ###.         3%          1    None
c - Mephitic Cloud        Conj/Pois/Air  ##......     17%         3    ###....

Your spell library contained the following spells:

 Spells                   Type           Power        Failure   Level  Hunger
 Poisonous Vapours        Pois/Air       ##....       9%          2    ##.....
 Olgreb's Toxic Radiance  Pois           ###.....     22%         4    ####...
 Venom Bolt               Conj/Pois      ###.......   67%         5    ######.


Dungeon Overview and Level Annotations

Branches:
Dungeon (3/15)

Altars:
Sif Muna


Innate Abilities, Weirdness & Mutations

You cannot wear most types of armour.
You are very stealthy in the water. (Stealth+)
You are amphibious.
You can wear up to eight rings at the same time.
You can use your tentacles to constrict eight enemies at once.
Your skin changes colour to match your surroundings (Stealth+).
Your rubbery body absorbs attacks. (AC +1, EV +1)


Message History

As you read the scroll labeled XOPIMISSEB, it crumbles to dust.
It is a scroll of identify.
a - a scroll of enchant armour;
R - 2 scrolls of identify The goblin drinks a potion.
The goblin seems to grow stronger.
The ogre barely misses you.
Unknown command.
It was a potion of haste.
You feel yourself speed up.
H - 2 potions of haste The ogre barely misses you.
It was a potion of berserk rage.
A red film seems to cover your vision as you go berserk!
You feel yourself moving faster!
You feel mighty!
The goblin unwields a +0 hunting sling.
The goblin hits you.
* * * LOW HITPOINT WARNING * * *
You now have 3/40 hp.
You puncture the ogre!
The ogre is severely wounded.
The ogre hits you with a +0 giant club!!
Ouch! That really hurt!
You die...

..)....)...#.###.).....#
.............##.....####
....................#
##..####............#
.##....#....#<.###..##
.#####......##.###...#
.#####)....##...##.(##
...........#.._gO##.#
#..........#.8.8@##g#
..........[###+####.#
....#...##.# #(.#
........#### #.##
#..##.)## #.. #...#.##
#... ..#)..# ##...
..##..# ..g. ..# ..#
.....


You could see an ogre and a goblin.

Vanquished Creatures
  An adder (D:3)
  3 gnolls (D:3)
  A worm (D:2)
  4 dart slugs (D:1)
  2 leopard geckos (D:1)
  An orc (D:3)
  5 giant cockroaches
  9 goblins
  6 hobgoblins
  A ball python (D:1)
  5 bats
  4 frilled lizards
  12 kobolds
  6 rats
60 creatures vanquished.

Vanquished Creatures (others)
  A rat (D:1)
  A plant (D:1)
2 creatures vanquished.

Grand Total: 62 creatures vanquished

Notes
Turn   | Place    | Note
-------+----------+-------------------------------------------
     0 | D:1      | Redear the Octopode Venom Mage began the quest for the Orb.
     0 | D:1      | Reached XP level 1. HP: 11/11 MP: 3/3
    59 | D:1      | Reached XP level 2. HP: 17/17 MP: 0/5
   132 | D:1      | Reached skill level 4 in Poison Magic
   273 | D:1      | Reached XP level 3. HP: 17/21 MP: 1/6
   362 | D:1      | Reached skill level 2 in Conjurations
  1346 | D:2      | Reached XP level 4. HP: 27/27 MP: 2/8
  1898 | D:3      | Found a deep blue altar of Sif Muna.
  2000 | D:3      | Reached skill level 3 in Spellcasting
  2124 | D:3      | Noticed an ogre
  2220 | D:2      | Learned a level 3 spell: Mephitic Cloud
  2393 | D:3      | HP: 3/40 [goblin (4)]
  2394 | D:3      | Demolished by an ogre

Levels and vault maps discovered:
D:1:      minmay_arrival_split_and_join, layout_basic, serial_curves,
          eino_curves_01, eino_curves_04, nrook_campfire,
          lexackson_kobold_supper
D:2:      layout_loops_ring, serial_bayou_lagoon_b
D:3:      layout_rooms, led_sif_book, uniq_grinder

Skill      XL: |  1  2  3  4 |
---------------+-------------+-----
Poison Magic   | 4 |  4.8
Conjurations   | 2 |  2.7
Spellcasting   | 3 |  3.0
Dodging        | |  2.0
Stealth        | |  2.6

Action                   |  1- 3 |  4- 6 || total
-------------------------+-------+-------++-------
Melee: Unarmed           |    73 |       ||    73
       Constrict         |    12 |       ||    12
       Tentacles         |    25 |       ||    25
       Dagger            |    16 |     2 ||    18
 Cast: Sting             |    58 |    48 ||   106
       Mephitic Cloud    |       |     1 ||     1
  Use: Scroll            |       |     2 ||     2
       Potion            |       |     2 ||     2
  Eat: Chunk             |     1 |     2 ||     3
Armor: Skin              |     5 |       ||     5
Dodge: Dodged            |    41 |    15 ||    56

Table legend:
 A = Non-vault XP
 B = Vault XP
 C = Vault XP percentage of total XP
 D = Non-vault monster count
 E = Vault monster count
 F = Vault count percentage of total count
                 A         B        C        D         E       F
            +---------+---------+-------+---------+---------+-------
      Total |     148 |      14 |   8.6 |      52 |       8 |  13.3
            +---------+---------+-------+---------+---------+-------
        D:1 |      57 |      14 |  19.7 |      29 |       8 |  21.6
        D:2 |      27 |       0 |   0.0 |      14 |       0 |   0.0
        D:3 |      64 |       0 |   0.0 |       9 |       0 |   0.0
            +---------+---------+-------+---------+---------+-------
